Map: Automaton LE

Players

playezvibe - Winner!

  • Race: Zerg Zerg
  • League: Silver
  • Spawn Location: 9:00

카오캐

  • Race: Terran Terran
  • League: Bronze
  • Spawn Location: 3:00

VOD

Have the link to the VOD?

Description

Time

  • Played on: May 19, 2019, 6:45 p.m.
  • Length: 12:01
Show
View Real Time Build Order
Export as new Build Order

playezvibe Zerg - Winner!

Build Orders: Pool First 

Get SALT Encoding   

  12  0:08  Overlord  
  12  0:24  Drone x2  
  14  0:30  Drone  
  15  0:40  Drone  
  16  0:49  Drone  
  17  0:59  Drone  
  18  1:05  Spawning Pool  
  17  1:13  Drone  
  18  1:19  Extractor  
  18  1:23  Hatchery  
  16  1:41  Drone x3  
  19  1:54  Queen  
  21  2:20  Drone  
  22  2:23  Overlord  
  22  2:43  Spore Crawler  
  21  2:45  Zergling x2  
  21  2:46  Zergling x4  
  21  2:47  Metabolic Boost  
  24  3:01  Zergling x2  
  25  3:12  Burrow  
  25  3:16  Drone x3  
  28  3:43  Drone x2  
  30  4:02  Drone  
  31  4:03  Drone x3  
  33  4:36  Drone x2  
  35  4:38  Overlord  
  35  4:46  Overlord  
  35  4:55  Pneumatized Carapace  
  35  5:02  Drone  
  35  5:03  Drone x2  
  38  5:07  Drone  
  38  5:08  Drone x2  
  41  5:20  Drone  
  42  5:24  Hatchery  
  41  5:31  Drone  
  42  5:37  Extractor  
  41  5:43  Queen  
  41  5:47  Overlord  
  41  5:48  Zergling x4  
  45  5:55  Drone x2  
  47  6:04  Extractor  
  46  6:12  Drone x4  
  50  6:28  Roach Warren  
  49  6:38  Queen  
  51  6:42  Queen  
  53  6:56  Evolution Chamber  
  52  7:09  Roach x3  
  52  7:14  Roach x3  
  64  7:16  Overlord  
  64  7:37  Roach x3  
  64  7:42  Roach  
  64  7:43  Overlord  
  72  7:51  Lair  
  72  8:06  Ravager x2  
  72  8:07  Ravager x3  
  72  8:11  Roach x2  
  81  8:13  Overlord  
  81  8:39  Roach x3  
  85  8:47  Roach  
  85  8:48  Roach x2  
  90  8:49  Overlord  
  90  8:55  Overseer x2  
  90  9:08  Drone x3  
  90  9:09  Baneling Nest, Drone x3  
  95  9:18  Roach  
  97  9:24  Overlord x2  
  97  9:25  Overlord  
  97  9:42  Zerg Missile Weapons Level 1  
  97  9:43  Glial Reconstitution  
  97  9:49  Roach x2  
  97  9:50  Roach  
  103  9:54  Roach  
  103  9:55  Roach  
  107  10:00  Roach x2  
  107  10:01  Roach, Zergling x2  
  107  10:03  Overlord  
  107  10:05  Overseer  
Show
View Real Time Build Order
Export as new Build Order

카오캐 Terran 

Build Orders:  

Get SALT Encoding   

  12  0:01  SCV  
  13  0:13  SCV  
  14  0:25  SCV  
  14  0:27  Supply Depot  
  15  0:46  Refinery  
  15  0:48  Refinery  
  15  0:49  SCV  
  16  0:54  Barracks  
  16  1:01  SCV  
  17  1:08  Supply Depot  
  17  1:20  SCV  
  18  1:32  SCV  
  19  1:41  Factory  
  19  1:44  Barracks Tech Lab  
  19  1:49  SCV  
  20  2:02  SCV  
  20  2:06  Concussive Shells  
  21  2:14  SCV  
  24  2:15  Marauder  
  24  2:26  SCV  
  25  2:37  Factory Tech Lab  
  25  2:50  Stimpack  
  25  2:53  Starport  
  25  2:56  Orbital Command  
  25  3:27  Command Center  
  25  3:31  SCV  
  25  3:34  Starport Tech Lab  
  26  3:40  Mag-Field Accelerator  
  26  4:02  Armory  
  26  4:35  Marauder  
  28  4:40  Orbital Command  
  28  4:50  Combat Shield  
  28  4:59  SCV  
  29  5:02  Command Center  
  29  5:11  SCV  
  30  5:19  Infernal Pre-Igniter  
  30  5:22  SCV  
  30  5:23  SCV  
  32  5:32  Terran Vehicle Weapons Level 1  
  32  5:34  SCV  
  32  5:35  SCV  
  34  5:41  Marauder  
  36  5:46  SCV  
  36  5:47  SCV  
  36  5:48  Medivac  
  36  5:49  Barracks  
  40  5:56  Starport  
  40  5:58  SCV  
  40  5:59  SCV  
  42  6:11  SCV  
  42  6:17  Orbital Command  
  43  6:33  Starport Reactor  
  43  6:38  Drilling Claws  
  43  6:43  Armory  
  43  6:47  Refinery  
  43  6:50  Refinery  
  43  6:53  Barracks Reactor  
  43  7:04  Refinery, SCV  
  44  7:14  Viking  
  46  7:16  Viking  
  46  7:18  Command Center  
  48  7:26  Terran Vehicle And Ship Armor Level 1  
  49  7:30  SCV  
  49  7:35  SCV  
  50  7:42  SCV  
  50  7:43  Terran Vehicle Weapons Level 2  
  51  7:47  SCV  
  52  7:54  SCV  
  52  7:57  Smart Servos  
  53  8:00  SCV  
  53  8:01  Marine x2  
  56  8:06  SCV  
  56  8:12  SCV  
  58  8:14  Engineering Bay  
  58  8:18  Marine, SCV  
  58  8:19  Marine  
  61  8:30  SCV  
  60  8:36  Marine x2  
  58  8:44  SCV  
  59  8:54  Marine x2  
  61  8:56  SCV  
  62  9:07  Viking  
  62  9:08  Viking x2, SCV  
  69  9:20  Terran Ship Weapons Level 1, SCV, Terran Infantry Weapons Level 1  
  70  9:33  SCV  
  70  9:37  Viking  
  70  9:38  Viking  
  75  9:45  SCV  
  76  9:51  Supply Depot  
  76  10:13  Viking, Medivac x2, SCV x2  
  84  10:42  Rapid Reignition System  
  84  11:04  Supply Depot  
  83  11:30  Marine x2  
  83  11:31  SCV  
  83  11:32  Marauder  
  62  11:43  SCV  
Tags
 
Matchup
TvZ
Opening
Pool First
Spawn Locations
Cross Positions
Add a new tag
Caveats
  • Supply blocks, unpowered buildings, or Contaminate may cause inaccurate times.
  • Supply counts are checked every 10 seconds.